 Dungeon Crawl Stone Soup version 0.25.1-1-g288607f5aa (webtiles) character file.

Game seed: 3613778717923122836

63 protoss039 the Digger (level 3, 0/19 HPs)
             Began as a Deep Elf Earth Elementalist on July 21, 2020.
             Slain by an orc
             ... wielding a +0 dagger
              (3 damage)
             ... on level 3 of the Dungeon.
             The game lasted 00:09:07 (2721 turns).

protoss039 the Digger (Deep Elf Earth Elementalist) Turns: 2721, Time: 00:09:07

Health: 0/19       AC:  2    Str:  5    XL:     3   Next: 89%
Magic:  3/10       EV: 13    Int: 20    God:
Gold:   89         SH:  0    Dex: 15    Spells: 4/10 levels left

rFire    . . .     SeeInvis .   e - +0 dagger
rCold    . . .     Gourm    .   (no shield)
rNeg     . . .     Faith    .   c - +0 robe
rPois    .         Spirit   .   (no helmet)
rElec    .         Reflect  .   (no cloak)
rCorr    .         Harm     .   (no gloves)
MR       .....                  (no boots)
Stlth    ++........             (no amulet)
HPRegen  0.06/turn              (no ring)
MPRegen  0.12/turn              (no ring)

@: no status effects
A: no striking features
a: no special abilities


You were on level 3 of the Dungeon.
You were near starving.

You visited 1 branch of the dungeon, and saw 3 of its levels.

You collected 89 gold pieces.

Inventory:

Hand Weapons
 e - a +0 dagger (weapon)
Missiles
 b - 90 stones (quivered)
Armour
 c - a +0 robe (worn)
 f - a cursed -2 leather armour
Jewellery
 i - an uncursed ring of poison resistance {unknown}
Scrolls
 a - 3 scrolls of identify {unknown}
 g - a scroll of noise {unknown}
 j - 2 scrolls of immolation {unknown}
 k - a scroll of remove curse {unknown}
Potions
 h - 3 potions of stabbing {unknown}
Comestibles
 d - a ration
 l - 3 chunks of flesh


   Skills:
 - Level 2.4 Dodging
 - Level 2.4 Stealth
 + Level 4.1 Spellcasting
 + Level 1.1 Transmutations
 + Level 4.7 Earth Magic


You had 4 spell levels left.
You knew the following spells:

 Your Spells              Type           Power        Failure   Level  Hunger
a - Sandblast             Erth           ###...       1%          1    None
b - Passwall              Tmut/Erth      ###.....     6%          2    #......
c - Stone Arrow           Conj/Erth      ##....       14%         3    ###....

Your spell library contained the following spells:

 Spells                   Type           Power        Failure   Level  Hunger
 Petrify                  Tmut/Erth      ###.....     36%         4    ####...
 Lee's Rapid Deconstruct  Erth           ###.......   45%         5    ######.


Dungeon Overview and Level Annotations

Branches:
Dungeon (3/15)

Altars:
Xom
Yredelemnul

Annotations:
D:2 1 runed translucent door, Crazy Yiuf, Sigmund


Message History

b - 92 stones
Casting: Sandblast (safe; 1% risk of failure)
Confirm with . or Enter, or press ? or * to list all spells.
Aiming: Sandblast (safe; 1% risk of failure)
Press: ? - help, Shift-Dir - straight line, f - orc
Aim: an orc, wielding a +0 dagger and wearing a +0 leather armour The blast of sand hits the orc but does no damage.
b - 91 stones The orc hits you with a +0 dagger.
* * * LOW HITPOINT WARNING * * *
Casting: Sandblast (safe; 1% risk of failure)
Confirm with . or Enter, or press ? or * to list all spells.
Aiming: Sandblast (safe; 1% risk of failure)
Press: ? - help, Shift-Dir - straight line, f/p - orc
Aim: an orc, wielding a +0 dagger and wearing a +0 leather armour The blast of sand hits the orc.
The orc is heavily wounded.
b - 90 stones The orc hits you with a +0 dagger.
You die...

#.# #.# #.# #.# # #.#
# #.#.# #.# ..###.#.#
...#
........######...###
..........รท.@or.....
...##.########...###
# #. .## # #


You could see an orc and a rat.

Vanquished Creatures
  An adder (D:2)
  A worm (D:2)
  2 dart slugs
  A leopard gecko (D:1)
  3 orcs (D:3)
  A giant cockroach (D:2)
  5 goblins
  4 hobgoblins (D:1)
  9 kobolds
  A quokka (D:2)
  10 bats
  3 rats
41 creatures vanquished.

Notes
Turn   | Place    | Note
-------+----------+-------------------------------------------
     0 | D:1      | protoss039 the Deep Elf Earth Elementalist began the quest
                  | for the Orb.
     0 | D:1      | Reached XP level 1. HP: 10/10 MP: 6/6
   296 | D:1      | Reached XP level 2. HP: 13/15 MP: 6/8
  1435 | D:1      | Learned a level 2 spell: Passwall
  1462 | D:2      | Reached XP level 3. HP: 19/19 MP: 10/10
  1485 | D:2      | Noticed Sigmund
  1628 | D:2      | Found a shimmering altar of Xom.
  1670 | D:2      | Learned a level 3 spell: Stone Arrow
  1722 | D:2      | Found a basalt altar of Yredelemnul.
  2235 | D:2      | Found a runed translucent door.
  2236 | D:2      | Noticed Crazy Yiuf
  2721 | D:3      | Slain by an orc

Illustrated notes

Levels and vault maps discovered:
D:1:      lightli_iron_boxes, layout_basic
D:2:      minmay_evil_eye, layout_loops_ring, lemuel_round_altar,
          nicolae_overflow_hidden_temple, yredelemnul_altar_generic,
          uniq_crazy_yiuf_cottage, uniq_sigmund
D:3:      layout_loops_corners, first_ration, dk_vineyard_2,
          nemelex_dance_club_becter

Skill      XL: |  1  2  3 |
---------------+----------+-----
Earth Magic    | 4 |  4.7
Spellcasting   | 4 |  4.1
Dodging        | |  2.4
Stealth        | |  2.4
Transmutations | |  1.1

Action                   || total
-------------------------++-------
Melee: Dagger            ||    90
 Cast: Sandblast         ||    33
       Stone Arrow       ||     4
 Stab: Sleeping          ||     8
  Eat: Chunk             ||     4
Armor: Robe              ||    18
Dodge: Dodged            ||    79
